 Dungeon Crawl Stone Soup version 0.28.0-43-g3370ac3207 (webtiles) character file.

Game seed: 9170031318946813381

45 386 the Bolt Thrower (level 3, 0/31 HPs)
             Began as a Minotaur Hunter on Mar 1, 2022.
             Slain by Sigmund
             ... wielding a +0 scythe
              (13 damage)
             ... on level 2 of the Dungeon.
             The game lasted 00:05:16 (1434 turns).

386 the Bolt Thrower (Minotaur Hunter)              Turns: 1434, Time: 00:05:16

Health: 0/31       AC:  3    Str: 16    XL:     3   Next: 42%
Magic:  2/2        EV: 12    Int:  8    God:
Gold:   90         SH:  0    Dex: 12    Spells: 2/2 levels left

rFire   . . .      SeeInvis .   i - +0 great sword
rCold   . . .      Faith    .   (shield currently unavailable)
rNeg    . . .      Spirit   .   c - +0 leather armour
rPois   .          Reflect  .   (helmet restricted)
rElec   .          Harm     .   (no cloak)
rCorr   .          Rampage  .   (no gloves)
Will    .....                   (no boots)
Stlth   +.........              (no amulet)
HPRegen 0.10/turn               (no ring)
MPRegen 0.08/turn               (no ring)

@: confused
A: horns 2, retaliatory headbutt
a: no special abilities


You were on level 2 of the Dungeon.
You visited 1 branch of the dungeon, and saw 2 of its levels.

You collected 90 gold pieces.

Inventory:

Hand Weapons
 a - a +1 hand crossbow
 b - a +0 short sword
 i - a +0 great sword (weapon)
 l - a +0 flail of holy wrath
Missiles
 d - 48 bolts
Armour
 c - a +0 leather armour (worn)
 h - a +0 chain mail
Jewellery
 j - a ring of ice
Scrolls
 e - 4 scrolls of identify {unknown}
 f - a scroll of teleportation {unknown}
 k - a scroll of fear {unknown}
Potions
 g - a potion of cancellation {unknown}
 m - a potion of brilliance {unknown}
 n - a potion of curing {unknown}


   Skills:
 + Level 3.1 Fighting
 - Level 4.3 Crossbows
 + Level 1.6 Armour
 + Level 2.8 Dodging
 + Level 1.6 Stealth


You had 2 spell levels left.
You didn't know any spells.
Your spell library was empty.

Dungeon Overview and Level Annotations

Branches:
Dungeon (2/15)

Altars:

Annotations:
D:2 Sigmund


Innate Abilities, Weirdness & Mutations

You have a pair of horns on your head.
You reflexively headbutt those who attack you in melee.


Message History

You slice the goblin!!
You kill the goblin!
Sigmund the Dreaded comes into view.
He is wielding a +0 scythe.
The kobold closely misses you.
You slice the kobold!!
You kill the kobold!
Sigmund is suddenly surrounded by pale red light.
The adder bites you.
You hit the adder.
The adder is heavily wounded.
The adder closely misses you.
Sigmund gestures wildly while chanting.
Sigmund flickers and vanishes!
Deactivating autopickup; reactivate with Ctrl-A.
The adder bites you.
Sorry, you're not good enough to have a special ability.
Unknown command.
You closely miss the adder.
The adder is heavily wounded.
The adder misses you. The adder closely misses you. You furiously retaliate!
You headbutt the adder. The adder closely misses you.
You barely miss the adder. Your headbutt misses the adder.
The adder is almost dead.
The adder misses you. You furiously retaliate!
You headbutt the adder!
You kill the adder!
You barely miss the hobgoblin. The hobgoblin closely misses you.
You furiously retaliate!
You headbutt the hobgoblin, but do no damage.
Something hits you. The hobgoblin hits you.
You completely miss the hobgoblin. You headbutt the hobgoblin.
You kill the hobgoblin!
Something hits you!
You are too injured to fight recklessly!
Hit: i) +0 great sword
Press: ? - help, Dir - move target, f - you
Okay, then.
You hear some strange, mumbled words.
You are confused.
Something hits you!
You die...

###################
#######.......g.........#
.............##########.#
...........@.# #.#
.............# #g#
.......).....# #.#
.............# #.#
.........##### #.#
...##.#..# #)# .. #.#..##
##########'# . #.#...#
#.............. # #.#.##
#..............


You could see a hobgoblin.

Vanquished Creatures
  2 adders (D:2)
  An endoplasm (D:1)
  2 giant cockroaches (D:1)
  A goblin (D:2)
  3 hobgoblins
  3 quokkas (D:1)
  3 ball pythons
  A bat (D:1)
  3 frilled lizards
  3 kobolds (D:2)
  6 rats
28 creatures vanquished.

Notes
Turn   | Place    | Note
-------+----------+-------------------------------------------
     0 | D:1      | 386 the Minotaur Hunter began the quest for the Orb.
     0 | D:1      | Reached XP level 1. HP: 18/18 MP: 0/0
   313 | D:1      | Reached skill level 1 in Stealth
   475 | D:1      | Reached XP level 2. HP: 21/25 MP: 1/1
   547 | D:1      | Reached skill level 1 in Armour
   647 | D:1      | Found a faded altar of an unknown god.
  1212 | D:2      | Reached XP level 3. HP: 26/31 MP: 2/2
  1409 | D:2      | Noticed Sigmund
  1434 | D:2      | Slain by Sigmund

Illustrated notes

Levels and vault maps discovered:
D:1:      denvon_arrival_planthouse, layout_loops_ring,
          shapermc_ecumenical_altar_mp_highgroup
D:2:      layout_basic, uniq_jessica, uniq_natasha, uniq_sigmund

Skill      XL: |  1  2 |
---------------+-------+-----
Stealth        | 1 |  1.6
Armour         | 1 |  1.6
Fighting       | 3 |  3.1
Crossbows      | |  4.3
Dodging        | |  2.8

Action                   || total
-------------------------++-------
Melee: Great sword       ||    45
       Short sword       ||     5
       Headbutt          ||     6
Armor: Leather armour    ||    15
Dodge: Dodged            ||    40
